 Dungeon Crawl Stone Soup version 0.23-a0-261-g133332c (console) character file.

4 bli the Insei (level 1, -1/13 HPs)
             Began as an Octopode Transmuter on Sept 29, 2018.
             Slain by a leopard gecko (4 damage)
             ... on level 1 of the Dungeon.
             The game lasted 00:00:54 (236 turns).

bli the Insei (Octopode Transmuter)                  Turns: 236, Time: 00:00:55

Health: -1/13      AC:  1    Str:  9    XL:     1   Next: 70%
Magic:  3/3        EV: 13    Int: 15    God:
Gold:   0          SH:  0    Dex: 12    Spells: 3/4 levels left

rFire    . . .     SeeInvis .     - Unarmed
rCold    . . .     Gourm    .   (no shield)
rNeg     . . .     Faith    .   (helmet restricted)
rPois    .         Spirit   .   (no amulet)
rElec    .         Reflect  .   (no ring)
rCorr    .         Harm     .   (no ring)
MR       .....                  (no ring)
Stlth    ++........             (no ring)
HPRegen  0.04/turn              (no ring)
MPRegen  0.08/turn              (no ring)
                                (no ring)
                                (no ring)

@: no status effects
A: almost no armour, stealthy swim, amphibious, 8 rings, constrict 8, camouflage
1, gelatinous body 1
a: no special abilities


You were on level 1 of the Dungeon.
You were not hungry.

You visited 1 branch of the dungeon, and saw 1 of its levels.

Inventory:

Missiles
 a - 12 arrows
Scrolls
 d - a scroll of teleportation {unknown}
Comestibles
 c - 2 rations


   Skills:
 * Level 1.1 Fighting
 + Level 2.0 Dodging
 * Level 0.5 Stealth
 + Level 3.1 Unarmed Combat
 - Level 2.0 Spellcasting
 - Level 2.0 Transmutations


You had 3 spell levels left.
You knew the following spells:

 Your Spells              Type           Power        Failure   Level  Hunger
a - Beastly Appendage     Tmut           #.....       10%         1    #......

Your spell library contained the following spells:

 Spells                   Type           Power        Failure   Level  Hunger
 Sticks to Snakes         Tmut           #.......     14%         2    ###....
 Spider Form              Tmut/Pois      #.........   41%         3    ###....
 Ice Form                 Ice/Tmut       #.......     82%         4    #####..
 Blade Hands              Tmut           #.........   95%         5    ######.


Dungeon Overview and Level Annotations

Branches:
Dungeon (1/15)

Altars:


Innate Abilities, Weirdness & Mutations

You cannot wear most types of armour.
You are very stealthy in the water. (Stealth+)
You are amphibious.
You can wear up to eight rings at the same time.
You can use your tentacles to constrict eight enemies at once.
Your skin changes colour to match your surroundings (Stealth+).
Your rubbery body absorbs attacks. (AC +1, EV +1)


Message History

The dart slug launches a dart at you. The slug dart hits you!
The bat closely misses you.
Found a ration.
You miss the bat. You grab the bat.
The bat is severely wounded.
You constrict the bat, but do no damage.
The bat hits you but does no damage.
The bat escapes!
The bat hits you. The bat hits you.
You barely miss the bat. Your grab misses the bat. You squeeze the bat.
You kill the bat!
The leopard gecko hisses angrily.
The bat barely misses you. The bat barely misses you.
The leopard gecko misses you.
The leopard gecko
* * * LOW HITPOINT WARNING * * *
All of the chunks of flesh in your inventory have rotted away.
You tentacle-slap the leopard gecko. You grab the leopard gecko.
The leopard gecko is lightly wounded.
You constrict the leopard gecko, but do no damage.
The bat barely misses you. The bat misses you. The bat closely misses you.
The You die...

#.............#
#....#.....
#.......#######
######.....
#.......# ..[.#
........##### ..
............# .. .
............# ...
..
............##.....
.......%......##.#
.................#
........#.###w#..#
###........b@l...#
#.....#w###.#..#
#####.#.#[#.#.## #
#.###.# # .........
#.#.###.#.# ......
..... ..... ..%..


You could see 2 dart slugs, a leopard gecko and a bat.

Vanquished Creatures
  2 hobgoblins (D:1)
  A bat (D:1)
  A goblin (D:1)
  A kobold (D:1)
5 creatures vanquished.

Notes
Turn   | Place    | Note
-------+----------+-------------------------------------------
     0 | D:1      | bli the Octopode Transmuter began the quest for the Orb.
     0 | D:1      | Reached XP level 1. HP: 13/13 MP: 3/3
   236 | D:1      | Slain by a leopard gecko

Vault maps used:
D:1:      minmay_arrival_radiant_lines, minmay_surrounded

Action                   || total
-------------------------++-------
Melee: Unarmed           ||    11
       Constrict         ||     4
       Tentacles         ||     3
 Cast: Beastly Appendage ||     1
 Stab: Sleeping          ||     1
Armor: Skin              ||     1
Dodge: Dodged            ||    13

Table legend:
 A = Non-vault XP
 B = Vault XP
 C = Vault XP percentage of total XP
 D = Non-vault monster count
 E = Vault monster count
 F = Vault count percentage of total count
                 A         B        C        D         E       F
            +---------+---------+-------+---------+---------+-------
      Total |       6 |       1 |  14.3 |       4 |       1 |  20.0
            +---------+---------+-------+---------+---------+-------
        D:1 |       6 |       1 |  14.3 |       4 |       1 |  20.0
            +---------+---------+-------+---------+---------+-------
